AoeStats
← SS_BLaH

Arabia

506975050Analyzed
2v2 RM · 17d ago on Sep 16, 2026· 59m 19s· 4 players
Game mode
Random Map
Map size
Medium (4 player)
Population
200
Speed
Normal
Resources
Standard
Victory
Conquest
Starting age
Dark Age
Ending age
Imperial Age
RankedLock teamsTeams togetherTeam positionsShared explorationLock speedFull tech treeHidden civsTurbo modeCheats
Victory
Defeat
🇺🇸 Lithuanians · United States
856
+13
🇺🇸 Ethiopians · United States
840
+14
🇧🇷 Magyars · Brazil
809
-14
🇯🇵 Poles · Japan
789
-13
SS_BLaH
2:18 Loom
10:05 Feudal Age
12:27 Double-Bit Axe
12:24 Horse Collar
16:04 Scale Barding Armor
16:28 Man-at-Arms
26:41 Castle Age
24:43 Stone Mining
24:44 Gold Mining
28:18 Wheelbarrow
27:09 Long Swordsman
27:53 Husbandry
28:19 Chain Barding Armor
28:00 Scale Mail Armor
28:34 Fletching
32:14 Hand Cart
36:06 Pikeman
49:42 Chain Mail Armor
50:43 Heavy Plow
MathKing777
4:19 Loom
10:32 Feudal Age
11:07 Double-Bit Axe
11:07 Horse Collar
14:30 Wheelbarrow
16:14 Scale Barding Armor
17:04 Forging
18:01 Gold Mining
23:31 Castle Age
23:31 Stone Mining
25:00 Bow Saw
24:54 Heavy Plow
27:49 Szlachta Privileges
28:29 Husbandry
28:42 Bloodlines
28:57 Chain Barding Armor
29:38 Hand Cart
32:48 Iron Casting
35:05 Murder Holes
34:52 Treadmill Crane
37:49 Imperial Age
35:53 Town Watch
36:16 Fletching
37:15 Scale Mail Armor
37:11 Bodkin Arrow
40:20 Ballistics
41:02 Chemistry
40:09 Squires
39:30 Pikeman
40:40 Town Patrol
42:31 Blast Furnace
42:46 Chain Mail Armor
43:14 Crop Rotation
43:09 Cavalier
44:52 Plate Mail Armor
44:23 Bracer
45:33 Conscription
45:52 Light Cavalry
46:59 Lechitic Legacy
49:18 Caravan
51:02 Coinage
51:39 Hoardings
52:05 Winged Hussar
53:46 Padded Archer Armor
58:21 Leather Archer Armor
[RDY] Audemars Piguet
9:02 Feudal Age
7:19 Loom
10:19 Double-Bit Axe
11:21 Wheelbarrow
15:24 Horse Collar
15:39 Gold Mining
20:14 Castle Age
20:49 Bloodlines
21:19 Scale Barding Armor
25:08 Husbandry
25:42 Pikeman
28:58 Chain Barding Armor
31:12 Forging
31:03 Scale Mail Armor
31:10 Squires
38:11 Iron Casting
44:33 Imperial Age
42:19 Hand Cart
43:33 Chain Mail Armor
44:45 Cavalier
46:01 Plate Barding Armor
47:01 Ballistics
46:10 Paladin
47:35 Caravan
49:50 Tower Shields
50:12 Conscription
49:33 Elite Skirmisher
50:19 Thumb Ring
52:01 Fletching
52:14 Padded Archer Armor
56:57 Light Cavalry
58:59 Chemistry
[RDY] TGCID
10:55 Feudal Age
11:20 Double-Bit Axe
16:39 Fletching
21:57 Castle Age
22:50 Crossbowman
25:06 Thumb Ring
35:43 Squires
38:07 Scale Mail Armor
44:11 Horse Collar
48:37 Chain Mail Armor
50:57 Bodkin Arrow
51:05 Padded Archer Armor
51:16 Forging
54:40 Imperial Age
56:06 Wheelbarrow
54:57 Arbalester
56:15 Plate Mail Armor
Connection lost

Rejoining the realm…

Still unreachable

The connection could not be restored.

Session expired

The server has moved on; the page needs a fresh start.